 Dungeon Crawl Stone Soup version 0.15-a0-1579-gd26fec2 (console) character file.

154 Money the Ruffian (level 5, -6/42 HPs)
             Began as a Minotaur Hunter on June 19, 2014.
             Mangled by an ogre
             ... wielding a +0 giant spiked club
              (25 damage)
             ... on Level 4 of the Dungeon.
             The game lasted 00:04:10 (910 turns).

Money the Ruffian (Minotaur Hunter)                  Turns: 910, Time: 00:04:11

HP  -6/42        AC  8     Str 18      XL: 5   Next: 13%
MP   2/2         EV 10     Int  8      God:
Gold 120         SH  0     Dex 10      Spells:  0 memorised,  4 levels left

rFire  . . .     SeeInvis .       - Unarmed
rCold  . . .     Clarity  .     h - +3 ring mail
rNeg   . . .     rCorr    .     (no shield)
rPois  .         rRot     .     (helmet restricted)
rElec  .         Spirit   .     (no cloak)
SustAb .         Warding  .     (no gloves)
rMut   .         Stasis   .     (no boots)
Gourm  .                        (no amulet)
MR     .....                    (no ring)
                                m - ring of regeneration

@: not resistant to hostile enchantments, very unstealthy
A: retaliatory headbutt, horns 2
a: no special abilities


You were on level 4 of the Dungeon.
You were hungry.

You visited 1 branch of the dungeon, and saw 5 of its levels.

You collected 120 gold pieces.

Inventory:

Hand weapons
 a - a +0 short sword
Missiles
 b - 6 javelins (quivered)
Armour
 d - a +0 leather armour
 e - a cursed +0 robe
 h - a +3 ring mail (worn)
Comestibles
 f - 2 bread rations
 g - a meat ration
Scrolls
 j - a scroll of immolation {unknown}
 l - 2 scrolls of fear {unknown}
 n - 2 scrolls of teleportation {unknown}
 o - a scroll of magic mapping {unknown}
 q - a scroll of identify {unknown}
 r - a scroll of random uselessness {unknown}
Jewellery
 m - a ring of regeneration (left hand)
Potions
 i - a potion of lignification {unknown}
 k - 2 potions of curing {unknown}
 p - a potion of restore abilities {unknown}


   Skills:
 - Level 2.4 Fighting
 - Level 1.1 Short Blades
 - Level 4.0 Throwing
 - Level 2.1 Dodging
 - Level 0.7 Stealth
 + Level 5.3 Unarmed Combat


You had 4 spell levels left.
You didn't know any spells.

Dungeon Overview and Level Annotations

Branches:
Dungeon (5/15)
 Temple: D:4-7

Altars:
Dithmenos
Makhleb
Vehumet


Innate Abilities, Weirdness & Mutations

You reflexively headbutt those who attack you in melee.
You have a pair of horns on your head.


Message History

a club; 14 stones You hit the ogre.
The ogre is moderately wounded.
The ogre hits you with a giant spiked club!!
Ouch! That really hurt!
You hit the ogre. Your headbutt misses the ogre.
The ogre is heavily wounded.
You barely miss the ogre. You headbutt the ogre.
The ogre is heavily wounded.
The ogre closely misses you.
You hit the ogre.
The ogre is heavily wounded.
You barely miss the ogre. You headbutt the ogre.
The ogre is severely wounded.
The ogre barely misses you.
You hit the ogre but do no damage.
The ogre is severely wounded.
The ogre hits you with a giant spiked club!!
Ouch! That really hurt!
You die...

.............(#.#.# #........
...........#..#.#.# #........
.........).#.%#.#.######......[.
...........+....#...............#
...........##...K.........######
#%#.###..[.###..#####.....#
..).##...#####..##.......##
#.#.##...'......##K#####.######
....##.......##.@Os# #......#
#.#.##.#.#.#..#>#### #......#
....##...........# #.O.(..###
....#..#.#.#.....# ##........
.................# #g....##.
....##.#.#.#.....# ####........
..............(..# #<.'.....#.#
##......####...#.#.....)#........
#......# #...#.#......#..$..#.#


You could see an ogre, a giant cockroach and a kobold.

Vanquished Creatures
  2 worker ants (D:4)
  Jessica (D:2)
  3 gnolls (D:4)
  2 adders (D:2)
  An ooze (D:1)
  An orc (D:4)
  6 goblins
  3 hobgoblins
  10 jackals
  A quokka (D:2)
  3 ball pythons
  4 bats (D:2)
  3 giant cockroaches
  2 giant newts
  4 kobolds
  4 rats (D:2)
50 creatures vanquished.

Notes
Turn   | Place    | Note
--------------------------------------------------------------
     0 | D:1      | Money, the Minotaur Hunter, began the quest for the Orb.
     0 | D:1      | Reached XP level 1. HP: 18/18 MP: 1/1
    74 | D:1      | Reached skill level 1 in Unarmed Combat
   158 | D:1      | Reached XP level 2. HP: 22/25 MP: 1/1
   403 | D:2      | Found a shadowy altar of Dithmenos.
   403 | D:2      | Found a radiant altar of Vehumet.
   429 | D:2      | Noticed Jessica
   436 | D:2      | Killed Jessica
   436 | D:2      | Reached XP level 3. HP: 20/30 MP: 2/2
   466 | D:2      | Found a burning altar of Makhleb.
   468 | D:2      | Noticed a green death
   667 | D:2      | Reached XP level 4. HP: 32/37 MP: 2/2
   800 | D:5      | Entered Level 5 of the Dungeon
   819 | D:4      | Noticed an ogre
   846 | D:4      | Reached skill level 5 in Unarmed Combat
   882 | D:4      | Reached XP level 5. HP: 39/42 MP: 2/2
   910 | D:4      | Mangled by an ogre

Action                   |  1- 3 |  4- 6 || total
-------------------------+-------+-------++-------
Melee: Unarmed           |    86 |    55 ||   141
Throw: Throwing net      |       |     2 ||     2
